Map: Nightscape LE

Players

qqq

  • Race: Zerg Zerg
  • Spawn Location: 7:00

Massa

  • Race: Terran Terran
  • League: Platinum
  • Spawn Location: 7:00

BigBankKing - Winner!

  • Race: Terran Terran
  • Spawn Location: 1:00

StimpackDoc - Winner!

  • Race: Terran Terran
  • Spawn Location: 1:00

VOD

Have the link to the VOD?

Description

Time

  • Played on: Feb. 2, 2021, 2:35 p.m.
  • Length: 25:05
Show
View Real Time Build Order
Export as new Build Order

qqq Zerg 

Build Orders: Hatch First 

Get SALT Encoding   

  12  0:01  Drone  
  13  0:11  Drone  
  14  0:19  Overlord  
  14  0:48  Hatchery  
  13  0:58  Drone x3  
  16  1:18  Extractor, Spawning Pool  
  14  1:34  Drone x3  
  17  1:57  Drone  
  17  1:58  Drone  
  17  2:00  Drone  
  20  2:07  Queen  
  24  2:10  Drone  
  25  2:18  Drone  
  25  2:22  Lair  
  24  2:26  Roach Warren  
  24  2:28  Drone  
  24  2:31  Drone  
  25  2:37  Overlord  
  25  2:40  Drone  
  26  2:57  Drone x2  
  28  2:59  Drone x2, Extractor  
  28  3:05  Drone  
  30  3:08  Drone  
  30  3:12  Drone  
  32  3:18  Drone  
  33  3:26  Glial Reconstitution  
  33  3:28  Roach  
  33  3:32  Overlord  
  35  3:40  Overlord  
  35  3:47  Drone  
  35  3:48  Overlord  
  36  3:50  Queen, Roach  
  36  3:51  Roach  
  36  3:52  Roach  
  44  3:58  Drone, Hydralisk Den  
  44  4:00  Roach  
  46  4:08  Evolution Chamber  
  46  4:09  Roach  
  47  4:10  Roach  
  47  4:15  Overlord  
  47  4:16  Roach  
  51  4:20  Roach  
  51  4:22  Roach  
  54  4:37  Roach x2  
  60  4:38  Roach x2  
  60  4:41  Drone  
  63  4:50  Drone, Roach  
  66  4:54  Extractor  
  65  5:02  Roach  
  65  5:03  Drone  
  65  5:04  Hatchery  
  65  5:06  Drone  
  62  5:36  Roach x3  
  59  5:48  Roach x2  
  59  5:49  Roach x2  
  51  6:07  Roach x2  
  53  6:28  Drone x2, Spore Crawler  
  53  6:29  Spore Crawler  
  53  6:30  Drone x4  
  53  6:32  Drone, Queen  
  60  6:41  Drone x2  
  60  6:46  Zerg Ground Armor Level 1  
  62  6:50  Drone x2  
  62  6:51  Hydralisk  
  66  7:02  Muscular Augments  
  66  7:07  Hydralisk  
  68  7:09  Drone  
  68  7:10  Drone  
  70  7:23  Hydralisk  
  70  7:24  Hydralisk  
  70  7:26  Overseer  
  74  7:34  Overlord  
  74  7:35  Overlord x3  
  74  7:45  Extractor, Drone  
  74  7:52  Queen  
  76  7:58  Spire  
  76  8:01  Drone x5  
  76  8:02  Drone, Hatchery  
  76  8:05  Drone x2  
  82  8:11  Hydralisk  
  82  8:12  Hydralisk  
  86  8:29  Hydralisk x2  
  86  8:31  Drone x4, Hydralisk  
  96  8:35  Pneumatized Carapace  
  96  8:41  Zerg Missile Weapons Level 1  
  96  8:53  Infestation Pit  
  79  9:16  Hydralisk x2, Roach  
  79  9:17  Hydralisk, Roach x2  
  87  9:29  Roach x2  
  87  9:30  Drone x3  
  82  9:42  Roach x2  
  82  9:43  Drone  
  79  9:47  Drone x3, Queen  
  84  10:11  Ravager x3  
  87  10:17  Hydralisk  
  87  10:18  Hydralisk x5  
  87  10:19  Drone  
  96  10:22  Overlord x5  
  96  10:24  Hive  
  96  10:28  Evolution Chamber  
  96  10:35  Drone  
  96  10:36  Overlord x2  
  96  10:41  Grooved Spines  
  94  10:57  Ravager x2  
  83  11:06  Roach  
  83  11:07  Hydralisk x3, Roach x2  
  83  11:08  Drone  
  83  11:09  Drone x3  
  87  11:25  Roach x4  
  92  11:26  Drone x2  
  91  11:47  Drone x2  
  91  11:49  Extractor  
  91  11:51  Extractor  
  90  11:59  Ravager x3  
  90  12:00  Ravager x3  
  90  12:01  Hatchery, Roach  
  97  12:03  Roach x3  
  103  12:12  Hatchery  
  96  12:32  Drone x3  
  99  12:39  Hydralisk x3  
  99  12:40  Hydralisk x2  
  99  12:41  Viper  
  112  12:44  Zergling x10  
  112  12:45  Zergling x2  
  112  12:46  Drone  
  112  12:47  Hatchery  
  112  12:48  Zerg Melee Weapons Level 1  
  118  12:58  Drone  
  119  13:04  Spore Crawler, Corruptor  
  119  13:05  Corruptor  
  122  13:09  Metabolic Boost  
  122  13:12  Drone  
  123  13:13  Zergling x12  
  128  14:23  Viper x2  
  128  14:24  Corruptor x4  
  142  14:59  Overlord x5  
  142  15:00  Overlord x4  
  139  15:16  Hatchery  
  78  15:36  Hydralisk x2, Viper x2  
  78  15:37  Viper  
  78  15:38  Hydralisk x2  
  78  15:40  Roach x2  
  78  15:41  Drone x3  
  102  15:45  Zerg Ground Armor Level 2  
  102  15:46  Zerg Missile Weapons Level 2  
  102  15:53  Ultralisk Cavern  
  102  15:54  Greater Spire  
  102  15:56  Corruptor  
  102  15:57  Drone, Lurker Den  
  103  16:26  Roach  
  103  16:27  Roach x7  
  103  16:28  Drone x2, Roach  
  103  16:29  Drone x2  
  119  17:05  Roach  
  119  17:06  Zergling x2, Ultralisk x3  
  119  17:07  Zergling x8  
  119  17:08  Drone x5  
  147  17:09  Drone  
  147  17:14  Lurker  
  147  17:15  Lurker  
  152  17:18  Queen  
  144  17:28  Anabolic Synthesis  
  131  18:01  Zerg Melee Weapons Level 2  
  113  18:09  Viper x2  
  113  18:10  Hydralisk x3  
  113  18:11  Chitinous Plating  
  118  18:13  Drone x3  
  118  18:18  Hydralisk x2  
  109  18:37  Extractor  
  109  18:39  Extractor  
  107  18:47  Lurker x3  
  109  18:49  Zergling x10  
  109  18:50  Zergling x14  
  109  18:54  Overseer  
  121  19:11  Hatchery  
  109  19:36  Corruptor  
  109  19:37  Corruptor x4  
  113  19:58  Zergling x10, Ultralisk  
  113  19:59  Zergling x10  
  102  20:47  Corruptor  
  102  20:48  Corruptor x3  
  94  20:50  Zergling x2, Ultralisk  
  94  20:51  Zergling x12  
  82  21:18  Corruptor  
  82  21:19  Corruptor x2  
  82  21:20  Hydralisk x4  
  96  21:30  Zerg Flyer Weapons Level 1  
  81  22:03  Zerg Ground Armor Level 3  
  81  22:07  Hatchery  
  80  22:15  Hatchery  
  79  22:16  Zergling x2  
  79  22:22  Overlord x3  
  80  22:23  Zergling x10  
  85  22:33  Lurker x2  
  87  23:01  Corruptor x2  
  91  23:14  Extractor  
  90  23:32  Seismic Spines  
  90  23:43  Drone x5  
  90  23:44  Zergling x4  
  90  23:45  Zergling x14  
  104  23:52  Spore Crawler x2  
  104  23:53  Spore Crawler  
  104  23:55  Spore Crawler  
  100  24:14  Brood Lord  
  100  24:15  Brood Lord  
Show
View Real Time Build Order
Export as new Build Order

Massa Terran 

Build Orders: 2 Factory 

Get SALT Encoding   

  12  0:00  SCV  
  13  0:12  SCV  
  14  0:21  Supply Depot  
  14  0:24  SCV  
  15  0:43  SCV  
  15  0:44  Barracks  
  15  0:49  Refinery  
  16  0:55  SCV  
  17  1:07  SCV  
  18  1:19  SCV  
  19  1:37  SCV  
  20  1:51  Orbital Command  
  20  1:53  Barracks Reactor  
  20  1:54  Command Center  
  20  2:07  Supply Depot  
  20  2:17  Factory  
  20  2:19  SCV  
  21  2:28  Marine x2  
  21  2:51  Marine x2  
  23  3:02  SCV  
  24  3:06  Refinery  
  24  3:09  Marine x2  
  24  3:12  Factory  
  26  3:14  SCV  
  27  3:26  SCV  
  28  3:27  Starport, Marine x2  
  28  3:30  Orbital Command  
  30  3:38  Hellion  
  32  3:46  Marine x2  
  32  3:47  SCV  
  35  3:55  Factory Tech Lab  
  35  3:58  SCV  
  35  3:59  SCV  
  37  4:10  SCV  
  37  4:11  Hellion x2  
  37  4:12  Barracks Tech Lab  
  42  4:19  SCV  
  42  4:22  SCV, Factory Tech Lab  
  42  4:23  Cloaking Field  
  44  4:31  SCV  
  45  4:49  Engineering Bay, Supply Depot  
  45  4:50  Supply Depot  
  45  4:58  Refinery  
  45  4:59  SCV  
  46  5:11  SCV, Hellion x3, Banshee  
  46  5:12  SCV  
  46  5:13  Supply Depot  
  57  5:32  Hellion, Siege Tank  
  57  5:35  Hellion  
  64  5:54  Hellion  
  60  6:02  Marine, Missile Turret  
  61  6:04  Siege Tank  
  61  6:11  SCV x2  
  66  6:19  Marine  
  66  6:23  SCV x2  
  67  6:28  Banshee  
  70  6:46  Supply Depot  
  70  6:55  Barracks x2  
  70  6:59  Command Center  
  70  7:01  Stimpack  
  70  7:07  SCV x2, Marine, Siege Tank  
  76  7:09  Missile Turret, Supply Depot  
  76  7:20  SCV x2  
  78  7:30  Marine  
  78  7:32  SCV  
  78  7:36  Supply Depot  
  77  7:41  Terran Infantry Weapons Level 1  
  77  7:43  Supply Depot  
  77  7:44  Supply Depot  
  77  7:45  Armory, Supply Depot  
  77  7:48  SCV x2, Marine  
  80  7:52  Supply Depot  
  80  7:55  Barracks Reactor, Barracks Tech Lab, Engineering Bay  
  80  7:57  Medivac  
  82  7:59  Siege Tank  
  82  8:00  SCV x2  
  82  8:01  Widow Mine x2  
  91  8:06  Marauder, Missile Turret  
  91  8:10  Missile Turret  
  91  8:12  SCV x2  
  95  8:16  Supply Depot  
  95  8:22  Widow Mine  
  95  8:24  SCV  
  95  8:25  SCV  
  99  8:27  Medivac  
  99  8:28  Marauder  
  101  8:36  SCV  
  101  8:37  SCV  
  93  8:42  Refinery  
  93  9:06  SCV  
  93  9:07  SCV  
  93  9:08  Orbital Command  
  95  9:18  SCV  
  95  9:19  SCV  
  95  9:23  Marauder x2, Marine x2  
  100  9:24  Missile Turret x2  
  100  9:25  Widow Mine x2, Missile Turret, Siege Tank  
  100  9:27  Missile Turret  
  100  9:30  SCV  
  100  9:31  SCV  
  109  9:41  Marine x2  
  109  9:42  SCV  
  109  9:43  SCV  
  109  9:44  Marauder  
  109  9:45  Marauder  
  107  9:47  Widow Mine  
  107  9:55  SCV x2, Medivac  
  107  9:57  Siege Tank  
  107  9:59  Marine x2  
  116  10:01  Widow Mine  
  116  10:06  Marauder x2  
  122  10:08  Widow Mine  
  124  10:17  Marine x2  
  124  10:18  Barracks  
  124  10:20  Barracks  
  124  10:21  Barracks  
  126  10:22  Widow Mine  
  126  10:25  Medivac  
  126  10:27  Marauder x2, Combat Shield  
  134  10:29  Concussive Shells, Siege Tank  
  134  10:34  Marine x2  
  139  10:37  Refinery  
  139  10:38  Refinery  
  139  10:44  Terran Infantry Weapons Level 2  
  139  10:49  Marauder x2  
  143  11:01  Siege Tank  
  146  11:06  Command Center  
  146  11:10  Marauder  
  148  11:12  Marauder  
  140  11:30  Barracks Reactor, Barracks Tech Lab, Marine x2  
  140  11:31  Marauder  
  145  11:33  Marauder  
  145  11:34  Barracks Tech Lab, Siege Tank  
  145  11:39  Terran Infantry Armor Level 1  
  149  11:40  Terran Vehicle Weapons Level 1  
  149  11:42  SCV x3  
  149  11:43  Supply Depot  
  149  11:45  Supply Depot  
  149  11:46  Supply Depot  
  144  11:47  Supply Depot  
  144  11:48  Medivac  
  144  11:53  Marauder  
  148  11:54  SCV  
  149  12:05  Marauder, Supply Depot  
  151  12:09  Supply Depot  
  151  12:10  Supply Depot  
  151  12:14  Marauder  
  151  12:15  Supply Depot  
  153  12:18  Medivac  
  155  12:26  Marauder  
  155  12:29  Marauder x2, Marine  
  161  12:30  Marine x2  
  161  12:36  Marauder  
  162  12:46  Marine  
  162  12:47  Marauder, Marine x2  
  162  12:48  Medivac  
  162  12:50  Marauder  
  162  12:51  Marauder  
  173  12:52  Missile Turret x2  
  173  12:54  Sensor Tower, Missile Turret  
  173  12:55  Planetary Fortress  
  173  12:57  SCV x3, Marauder  
  178  13:09  SCV x3, Marauder  
  178  13:12  Terran Infantry Weapons Level 3, Marauder x2, Command Center  
  187  13:18  Medivac  
  189  13:20  Missile Turret  
  189  13:23  Missile Turret  
  188  13:48  Medivac  
  190  13:53  Widow Mine  
  190  13:54  Widow Mine  
  194  14:06  Barracks Tech Lab  
  194  14:15  Widow Mine x2  
  195  14:36  Widow Mine x2, Marauder x4, Marine  
  182  14:57  Marauder x2  
  169  15:20  Marauder x4, Marine  
  151  15:40  Marine  
  151  15:41  Marauder, Marine x3  
  151  15:42  Marauder x3  
  143  15:51  Siege Tank  
  143  15:52  Widow Mine x2  
  150  15:58  Marine  
  150  16:02  Marauder  
  150  16:03  Marauder x3  
  150  16:14  Widow Mine x2  
  129  16:20  Marine x4  
  129  16:23  Siege Tank  
  129  16:24  Marauder x4  
  130  16:35  Widow Mine x2  
  130  16:37  Marine  
  130  16:38  Marine x3  
  138  16:45  Marauder, Marine x3  
  143  16:51  SCV x4  
  147  16:55  Marine, Siege Tank  
  147  16:56  Refinery, Widow Mine, Marine x3  
  147  16:58  Refinery  
  154  17:03  SCV x4, Marine x3  
  154  17:06  Marine  
  162  17:15  SCV x4  
  160  17:17  Sensor Tower  
  160  17:22  Missile Turret  
  163  17:26  Factory  
  163  17:27  SCV x2, Marauder x3, Marine, Siege Tank  
  171  17:30  Factory  
  168  17:42  Missile Turret  
  168  17:44  Marauder, Marine  
  168  17:45  Marine x3  
  168  17:48  Marine  
  168  17:49  Marauder x2  
  180  17:51  SCV  
  180  17:52  SCV x3  
  183  18:02  Marine  
  183  18:03  SCV, Marine x3  
  183  18:04  SCV x3  
  190  18:05  Marine  
  190  18:06  Marine, Missile Turret  
  190  18:09  Marine x2, Planetary Fortress  
  194  18:13  Missile Turret x2  
  194  18:14  Missile Turret  
  187  18:20  Marine  
  187  18:21  Marine x3  
  187  18:23  Marine  
  187  18:24  Marine  
  193  18:27  Marine x2  
  193  18:28  Missile Turret  
  194  18:38  Marine x4  
  147  18:50  Marauder  
  147  18:51  Marauder x3  
  147  18:53  Siege Tank  
  147  18:54  Widow Mine x2  
  146  18:55  Factory Tech Lab  
  146  18:56  Marine  
  146  19:08  SCV x2  
  146  19:09  SCV x2  
  150  19:10  SCV  
  150  19:11  Marauder  
  150  19:12  Marauder  
  150  19:14  Sensor Tower  
  150  19:15  Widow Mine  
  157  19:20  SCV, Marauder x2, Marine  
  157  19:21  SCV x3, Marine x3  
  157  19:22  SCV  
  170  19:24  Siege Tank  
  170  19:25  Widow Mine, Siege Tank  
  178  19:33  SCV x2, Marauder x2  
  178  19:37  Widow Mine  
  184  19:38  Marine  
  184  19:39  Marine x3  
  184  19:41  Marauder x2  
  179  19:46  Widow Mine  
  180  19:54  Marauder, Medivac  
  180  19:55  Marauder  
  180  19:56  Marine, Siege Tank  
  180  19:57  Marine x3, Siege Tank  
  180  19:58  Widow Mine  
  194  20:00  Factory Tech Lab  
  194  20:01  Smart Servos  
  194  20:02  Marine x2  
  194  20:08  Widow Mine  
  195  20:14  Marine x3  
  195  20:16  Marauder  
  132  20:54  Marauder x4, Marine x3  
  132  20:55  Marine  
  122  21:12  Marine x4  
  122  21:15  Marauder  
  122  21:16  Marauder x3  
  134  21:22  Raven  
  134  21:25  Cyclone x2  
  142  21:30  Marine x4  
  146  21:36  Marauder, Marine x2  
  146  21:37  Marauder  
  149  21:47  Marine  
  149  21:48  Marine  
  151  21:55  Marauder x2  
  155  22:21  Command Center  
  155  23:11  Command Center  
  155  23:29  Marauder  
  155  23:30  Marauder x2  
  155  23:31  Marauder  
  163  23:51  Marauder x3  
Show
View Real Time Build Order
Export as new Build Order

BigBankKing Terran - Winner!

Build Orders: Reaper Expand, Mech 

Get SALT Encoding   

  12  0:00  SCV  
  13  0:12  SCV  
  14  0:17  Supply Depot  
  14  0:24  SCV  
  15  0:40  Barracks  
  15  0:42  SCV  
  16  0:47  Refinery  
  16  0:54  SCV  
  17  1:06  SCV  
  18  1:18  SCV  
  18  1:38  Reaper, Command Center  
  18  1:39  Orbital Command  
  19  2:06  SCV  
  20  2:09  Supply Depot  
  20  2:10  Marine  
  20  2:14  Refinery  
  21  2:18  SCV  
  22  2:23  Factory  
  22  2:30  SCV  
  23  2:37  Barracks Reactor  
  23  2:42  SCV  
  23  2:53  Orbital Command  
  23  2:54  SCV  
  23  2:57  Barracks  
  24  3:06  SCV  
  24  3:12  Starport, Orbital Command  
  25  3:18  SCV, Hellion  
  25  3:19  Hellion  
  30  3:28  Supply Depot  
  30  3:29  Barracks Tech Lab  
  30  3:31  SCV  
  31  3:39  SCV  
  32  3:42  Hellion  
  32  3:43  SCV  
  35  3:50  Medivac  
  35  3:52  Hellion  
  39  4:03  Armory  
  39  4:04  SCV x2  
  39  4:07  Barracks Reactor  
  41  4:11  Barracks Tech Lab  
  41  4:16  SCV x2  
  43  4:28  SCV  
  44  4:34  SCV  
  45  4:40  SCV  
  46  4:46  SCV  
  46  4:48  Siege Tank  
  46  4:49  Marine x2  
  46  4:50  Stimpack  
  46  4:51  Marine  
  53  4:55  SCV  
  53  4:58  Refinery  
  54  5:02  SCV, Medivac  
  57  5:07  Supply Depot  
  57  5:10  Marine x3  
  60  5:19  SCV x2  
  62  5:29  Supply Depot  
  53  5:50  Marine  
  53  5:51  Marine x2, Supply Depot  
  53  5:52  Siege Tank  
  53  5:53  Medivac  
  61  6:08  Marine x2  
  61  6:18  Marine  
  56  6:26  Marine  
  56  6:29  Refinery  
  56  6:30  Command Center  
  57  6:33  Engineering Bay  
  57  6:35  Terran Vehicle And Ship Armor Level 1  
  57  6:40  Factory  
  57  6:41  Marine x2  
  57  6:43  Starport Tech Lab  
  59  6:47  Marine  
  59  6:49  Siege Tank  
  59  6:50  SCV x2  
  65  6:59  Marine  
  66  7:02  SCV x2  
  66  7:03  Supply Depot  
  66  7:06  Missile Turret  
  66  7:07  Missile Turret  
  68  7:11  Marine  
  69  7:19  Factory  
  68  7:24  Barracks  
  65  7:36  Marine x2  
  66  7:39  Factory Reactor  
  66  8:04  Armory  
  66  8:07  Barracks  
  66  8:21  Orbital Command  
  66  8:22  SCV x2  
  68  8:27  Terran Infantry Armor Level 1  
  68  8:29  Missile Turret  
  68  8:34  SCV x2  
  70  8:43  Barracks Tech Lab  
  70  8:50  Missile Turret  
  70  8:51  Terran Vehicle Weapons Level 1  
  70  8:52  Terran Vehicle And Ship Armor Level 2  
  70  8:53  SCV x3  
  73  8:56  Refinery  
  73  8:59  Barracks Reactor  
  73  9:01  Marauder  
  77  9:02  Hellion  
  77  9:03  Hellion, Siege Tank  
  77  9:04  Liberator  
  77  9:05  SCV  
  82  9:33  Marine x3  
  71  9:47  Marine x2  
  71  9:49  Hellion  
  71  9:50  Widow Mine, Hellion, Viking  
  71  9:52  Marauder, Marine x3  
  86  10:03  SCV x3  
  86  10:05  Refinery  
  89  10:07  Marine x2  
  89  10:10  Marauder, Marine  
  89  10:11  Widow Mine, Hellion  
  89  10:13  Marauder  
  100  10:15  SCV, Fusion Core  
  103  10:21  SCV x2  
  103  10:32  Marauder  
  105  10:36  Command Center  
  105  10:46  Starport  
  105  10:47  Supply Depot  
  105  10:48  Terran Vehicle Weapons Level 2  
  105  10:57  Marine x3  
  105  10:58  Marauder x2  
  105  11:00  Widow Mine x2  
  105  11:01  Siege Tank  
  119  11:10  Supply Depot  
  119  11:24  Factory, Marine x3  
  119  11:25  Marine x2  
  121  11:26  Marauder  
  121  11:27  Widow Mine x2  
  121  11:30  Starport Reactor, Medivac  
  129  11:33  Siege Tank  
  132  11:43  Marauder  
  125  11:58  Command Center  
  125  12:01  Ghost Academy  
  125  12:02  Terran Infantry Weapons Level 1  
  125  12:03  Engineering Bay  
  122  12:34  Marine x3  
  122  12:35  Marine  
  122  12:36  Widow Mine, Marauder x2  
  122  12:37  Widow Mine  
  134  12:43  Medivac x3  
  137  12:45  Siege Tank  
  137  12:50  Concussive Shells, Combat Shield  
  140  12:52  Marine x4  
  140  12:53  Terran Infantry Armor Level 2  
  140  12:57  Marauder x2  
  148  13:10  Orbital Command, Marine x3  
  148  13:11  SCV x3  
  154  13:13  Medivac  
  156  13:23  SCV x2  
  156  13:25  Terran Vehicle And Ship Armor Level 3  
  156  13:26  Terran Vehicle Weapons Level 3  
  158  13:27  Supply Depot  
  158  13:38  Orbital Command  
  158  13:42  Nuke  
  158  13:49  Refinery  
  158  13:50  Supply Depot  
  158  13:51  Refinery  
  158  13:52  Missile Turret  
  158  13:59  Marine x2  
  158  14:00  Marine x2  
  158  14:01  Marauder x2, Command Center  
  166  14:09  Starport  
  166  14:12  Missile Turret, Supply Depot  
  154  14:34  Missile Turret  
  122  14:48  Starport  
  109  14:55  Marine x4  
  109  14:56  Marauder, Marine  
  109  14:58  Thor  
  109  14:59  Widow Mine x2  
  119  15:00  Medivac x2  
  119  15:01  Liberator  
  119  15:05  Starport Tech Lab  
  124  15:07  Factory Tech Lab  
  124  15:13  Marine x3  
  125  15:14  Marauder  
  125  15:18  Marauder  
  113  15:30  Marine x2  
  113  15:31  Marine x2  
  113  15:32  Widow Mine x2  
  113  15:33  Viking x3  
  113  15:35  Marauder, Viking  
  117  15:39  Marauder  
  114  15:44  Viking  
  114  15:47  Marine  
  117  15:54  Marine x3  
  128  15:57  Marauder  
  128  15:58  Thor x2  
  128  15:59  Hellion  
  128  16:00  Hellion, Marine  
  128  16:03  Infernal Pre-Igniter, Viking  
  141  16:07  Starport Reactor  
  141  16:21  Hellion  
  141  16:35  Planetary Fortress  
  141  16:46  Marine x5  
  146  16:47  Marauder  
  146  16:48  Thor x2  
  146  16:49  Viking x4  
  165  17:00  Missile Turret  
  165  17:05  Marauder  
  167  17:09  Marauder  
  169  17:17  Marine x2  
  169  17:18  Marine x2  
  169  17:20  Hellion x2  
  169  17:21  Missile Turret, Battlecruiser  
  183  17:26  Marauder  
  183  17:29  SCV x3  
  188  17:30  Marauder  
  188  17:31  Thor  
  188  17:32  SCV x2  
  188  17:35  Orbital Command  
  188  17:36  Refinery  
  198  17:37  Refinery  
  198  17:38  Raven  
  200  17:44  Missile Turret  
  200  17:50  Hi-Sec Auto Tracking  
  200  17:51  Neosteel Armor  
  181  18:41  Ghost Academy  
  181  18:42  Terran Ship Weapons Level 1  
  164  19:01  Refinery  
  164  19:02  Battlecruiser  
  176  19:03  Starport Tech Lab, Battlecruiser  
  176  19:05  Thor x2  
  184  19:19  Marauder  
  184  19:20  Marauder  
  182  19:48  Cyclone  
  180  19:54  Thor  
  180  19:56  Battlecruiser  
  180  19:58  Ghost  
  180  19:59  Marauder  
  196  20:15  Command Center  
  196  20:18  Command Center  
  196  20:19  Ghost  
  196  20:20  Command Center  
  185  21:29  Terran Ship Weapons Level 2  
  185  21:30  Nuke  
  185  21:34  Weapon Refit, Ghost Academy  
  185  21:35  Ghost Academy  
  179  21:40  Starport  
  179  21:44  Ghost x2  
  177  22:04  Personal Cloaking  
  177  22:05  Enhanced Shockwaves  
  177  22:20  Orbital Command  
  177  22:21  Orbital Command x2  
  177  22:42  Starport Tech Lab  
  177  22:49  Barracks  
  177  23:14  Advanced Ballistics  
  177  23:24  Nuke  
  177  23:30  Nuke  
  177  24:00  Ghost  
  177  24:01  Ghost  
  179  24:07  Nuke  
  179  24:11  Barracks Tech Lab  
Show
View Real Time Build Order
Export as new Build Order

StimpackDoc Terran - Winner!

Build Orders: Reaper Expand 

Get SALT Encoding   

  12  0:00  SCV  
  13  0:12  SCV  
  14  0:17  Supply Depot  
  14  0:24  SCV  
  15  0:39  SCV  
  15  0:41  Barracks  
  16  0:47  Refinery  
  16  0:51  SCV  
  17  1:03  SCV  
  18  1:15  SCV  
  19  1:27  SCV  
  19  1:30  Reaper  
  21  1:40  Orbital Command  
  20  2:01  Command Center  
  20  2:02  Marine  
  20  2:06  SCV  
  22  2:09  Supply Depot  
  22  2:13  Factory  
  22  2:23  Marine  
  23  2:31  SCV, Bunker  
  24  2:43  SCV  
  25  2:55  SCV  
  26  2:58  Factory Tech Lab  
  26  3:00  Starport  
  26  3:06  Marine  
  26  3:07  SCV  
  28  3:16  Orbital Command  
  28  3:22  Supply Depot  
  28  3:23  SCV  
  28  3:24  Marine  
  28  3:25  Refinery  
  30  3:28  Factory Tech Lab  
  30  3:35  SCV  
  31  3:42  Marine  
  32  3:48  Command Center  
  32  3:50  Banshee  
  32  3:52  SCV  
  32  3:55  SCV  
  37  4:04  SCV  
  37  4:07  SCV  
  39  4:11  Cloaking Field  
  39  4:16  SCV  
  40  4:19  SCV  
  41  4:28  SCV  
  42  4:32  SCV  
  42  4:33  Marine  
  42  4:37  Supply Depot  
  43  4:40  SCV  
  43  4:44  SCV  
  43  4:45  Banshee  
  48  4:47  Stimpack  
  48  4:48  Hellion  
  48  4:50  Marine  
  48  4:52  SCV  
  52  4:56  SCV  
  52  4:57  Supply Depot  
  53  5:00  Supply Depot  
  53  5:03  Barracks  
  53  5:05  SCV, Barracks  
  54  5:07  Orbital Command  
  54  5:08  Marine  
  51  5:25  SCV x2  
  51  5:26  Marine  
  52  5:32  SCV  
  44  5:37  SCV  
  44  5:38  SCV  
  39  5:43  Raven  
  39  5:44  SCV, Marine  
  39  5:45  Factory Tech Lab  
  40  5:50  SCV x2  
  40  5:52  Marine  
  40  5:57  SCV  
  41  6:02  SCV x2  
  43  6:09  SCV  
  44  6:13  Barracks Tech Lab x2  
  44  6:14  SCV  
  44  6:15  Barracks Reactor, Marine  
  44  6:16  Siege Tank  
  44  6:17  SCV  
  50  6:21  SCV  
  50  6:22  Refinery  
  50  6:25  Refinery  
  51  6:26  SCV  
  51  6:29  Engineering Bay  
  52  6:33  Marine x2, Combat Shield  
  52  6:39  SCV  
  56  6:40  SCV x2  
  57  6:51  Marine x2  
  59  6:54  SCV  
  59  6:55  SCV x2  
  59  6:57  Siege Tank  
  65  7:04  Marine  
  65  7:05  Medivac x2  
  65  7:06  SCV  
  65  7:07  SCV x2  
  73  7:08  Marine  
  73  7:09  Marine  
  75  7:19  SCV  
  75  7:22  Marine  
  77  7:27  Marine  
  77  7:28  Marine  
  79  7:39  SCV x2  
  79  7:43  Orbital Command  
  81  7:45  Siege Tank  
  81  7:46  Marine  
  85  7:51  Terran Infantry Weapons Level 1, Supply Depot  
  85  7:52  SCV, Medivac x2, Supply Depot  
  85  7:54  Engineering Bay, Supply Depot  
  90  7:58  Supply Depot  
  90  8:03  Marine x2, Supply Depot  
  90  8:04  Marine  
  93  8:06  Missile Turret, Supply Depot  
  93  8:12  Command Center  
  93  8:16  SCV x3  
  92  8:21  Marine  
  89  8:28  SCV x2  
  89  8:31  SCV  
  86  8:40  SCV x2  
  88  8:43  SCV  
  89  8:50  Marine  
  89  8:51  Marine x2  
  89  8:52  SCV x2, Medivac, Siege Tank  
  100  8:55  SCV  
  100  8:58  Armory  
  99  9:04  SCV  
  99  9:05  SCV  
  99  9:07  SCV  
  99  9:08  Marine x2  
  96  9:16  Marine  
  96  9:17  SCV  
  98  9:19  SCV x2  
  100  9:26  Marine x2  
  100  9:27  Barracks  
  100  9:29  SCV, Barracks, Fusion Core  
  100  9:31  SCV  
  104  9:32  SCV, Armory  
  104  9:34  Marine  
  103  9:53  Marine x3  
  106  10:00  Siege Tank  
  106  10:02  SCV  
  106  10:04  Refinery  
  106  10:05  Refinery  
  110  10:11  Marine x3  
  111  10:24  Terran Infantry Weapons Level 2, Concussive Shells  
  111  10:25  Terran Infantry Armor Level 1  
  111  10:26  Terran Vehicle Weapons Level 1  
  111  10:28  Marine  
  111  10:29  Marine x2  
  111  10:31  Viking x2  
  111  10:33  Barracks x2  
  118  10:36  Barracks  
  118  10:46  Marine x2  
  118  10:47  Marine  
  109  11:04  Marine x3  
  109  11:11  SCV x3  
  108  11:12  Planetary Fortress  
  104  11:22  Marine x3  
  104  11:23  SCV x2  
  103  11:27  Barracks Reactor x2  
  103  11:29  Barracks Tech Lab x3  
  103  11:37  Starport  
  103  11:38  Factory  
  98  11:40  Marine x3  
  96  11:49  Marine x3  
  96  11:51  Medivac x2, Siege Tank  
  106  11:57  Marine  
  106  11:58  Marine x2  
  109  12:07  Marine x3  
  112  12:09  SCV x3  
  112  12:10  Refinery x2  
  112  12:12  Marine x4  
  119  12:15  Marine x2  
  119  12:16  Marine  
  119  12:21  SCV x2  
  117  12:25  Marine x3, Siege Tank  
  117  12:27  Medivac x2  
  117  12:29  Marine  
  127  12:30  Terran Infantry Armor Level 2, Terran Vehicle Weapons Level 2, Marine x3  
  127  12:32  Factory Tech Lab, Starport Reactor  
  127  12:33  Marine x3  
  134  12:57  Siege Tank  
  137  13:05  Marine, Siege Tank  
  140  13:06  Marine x6  
  140  13:07  Marauder x3, Medivac  
  155  13:17  Missile Turret  
  155  13:21  SCV, Sensor Tower  
  155  13:25  Terran Infantry Weapons Level 3  
  155  13:26  SCV x3, Medivac  
  161  13:29  Siege Tank, Supply Depot  
  161  13:31  Marine x3, Supply Depot x2  
  161  13:32  Marine x2  
  161  13:33  SCV, Supply Depot  
  170  13:37  Medivac, Siege Tank  
  170  13:38  Supply Depot  
  175  13:44  Marine x4  
  175  13:45  Marine  
  180  13:48  Ghost Academy  
  180  13:51  Marine x2  
  179  14:26  Command Center  
  179  14:29  Thor  
  176  15:04  Missile Turret  
  175  15:15  Marauder x3, Thor x2  
  175  15:17  Fusion Core  
  175  15:18  Liberator  
  175  15:19  Liberator  
  191  15:33  Marine x2  
  191  15:34  Marauder  
  180  15:50  Marine x2  
  180  15:51  Marauder x2, Marine  
  180  15:52  Liberator x2  
  180  15:53  Marine x2  
  180  15:54  Marauder x2  
  190  16:17  Marine x3  
  190  16:18  Marauder x4, Marine x3  
  181  16:19  Medivac x2  
  184  16:32  Command Center  
  184  16:33  Command Center  
  184  16:34  Command Center  
  184  16:35  Marine x2, Medivac  
  184  16:36  Marauder x2  
  184  16:39  Marauder  
  194  16:48  Siege Tank  
  194  16:49  Command Center, Siege Tank  
  194  16:50  Command Center  
  197  17:13  Planetary Fortress  
  197  17:18  Terran Vehicle Weapons Level 3, Personal Cloaking  
  178  17:54  SCV x4  
  178  17:55  SCV x3  
  176  18:06  SCV x3  
  178  18:20  Command Center  
  178  18:24  Siege Tank  
  178  18:25  Liberator x2  
  178  18:26  Liberator  
  190  18:29  Orbital Command  
  190  18:30  Orbital Command  
  189  18:47  Terran Infantry Armor Level 3  
  185  18:49  Terran Vehicle And Ship Armor Level 1, Enhanced Shockwaves  
  185  18:54  Marine x5  
  184  18:56  Siege Tank  
  184  19:00  Orbital Command x3  
  187  19:10  SCV  
  187  19:13  Refinery  
  188  19:17  Sensor Tower  
  188  19:18  Marauder x4  
  188  19:19  Marauder x2  
  188  19:20  Refinery  
  196  19:41  Liberator  
  199  20:07  Command Center  
  199  20:08  Command Center  
  199  20:34  Marauder  
  199  20:35  Marauder x2  
  174  20:45  Marine  
  174  20:46  Marine x2  
  144  20:50  Marine x2  
  144  20:55  Marine  
  144  20:56  Marauder, Marine  
  114  21:03  Marine x2  
  114  21:04  Marauder, Thor x2  
  122  21:08  Marauder, Marine  
  128  21:14  Marauder x2  
  128  21:15  Starport x2  
  128  21:17  Marine  
  131  21:19  Factory  
  131  21:20  Orbital Command  
  131  21:21  Orbital Command, Factory, Marine x2  
  131  21:22  Planetary Fortress  
  131  21:25  Marine  
  130  21:26  Marine  
  130  21:29  Marine  
  132  21:34  Advanced Ballistics, Marine  
  132  21:35  Terran Vehicle And Ship Armor Level 2, Marine x2  
  132  21:36  Hi-Sec Auto Tracking, Neosteel Armor  
  132  21:39  Marine x2  
  137  21:43  Marine  
  137  21:46  Command Center, Thor  
  144  21:52  Medivac  
  144  21:53  Medivac x3  
  158  21:54  Starport Reactor x2  
  158  22:18  Unknown  
  158  22:19  Unknown  
  158  22:21  Unknown  
  158  22:27  Sensor Tower  
  158  22:31  Sensor Tower  
  158  22:34  Command Center  
  158  22:35  Missile Turret  
  158  22:36  Missile Turret  
  158  22:46  Refinery  
  158  22:50  Refinery  
  158  23:00  Armory  
  158  23:06  Liberator x6  
  158  23:07  Liberator x2  
  158  23:11  Planetary Fortress  
  182  23:21  Missile Turret x3  
  194  23:42  Siege Tank x2  
  194  23:44  Missile Turret  
  194  23:45  Factory Tech Lab  
  194  23:46  Factory Tech Lab  
  200  23:49  Planetary Fortress  
  200  23:55  Nuke  
  200  24:00  Unknown x6  
Tags
 
Add a new tag
Caveats
  • Supply blocks, unpowered buildings, or Contaminate may cause inaccurate times.
  • Supply counts are checked every 10 seconds.